 Dungeon Crawl Stone Soup version 0.24.0-1-gfbc8707122 (webtiles) character file.

Game seed: 4170591756320113255, levelgen mode: deterministic

81 Looknius the Ducker (level 4, -2/24 HPs)
             Began as a Spriggan Abyssal Knight on Oct 27, 2019.
             Was a Believer of Lugonu.
             Slain by an adder (5 damage)
             ... on level 2 of the Dungeon.
             The game lasted 00:13:59 (1602 turns).

Looknius the Ducker (Spriggan Abyssal Knight)       Turns: 1602, Time: 00:13:59

Health: -2/24      AC:  2    Str:  6 (8)  XL:     4   Next: 19%
Magic:  6/6        EV: 19    Int: 11 (13) God:    Lugonu [**....]
Gold:   94         SH:  0    Dex: 15 (16) Spells: 3/3 levels left

rFire    . . .     SeeInvis +   n - +0 hunting sling
rCold    . . .     Gourm    .   (shield restricted)
rNeg     . . .     Faith    .   i - +0 robe
rPois    .         Spirit   .   (helmet restricted)
rElec    .         Reflect  .   (no cloak)
rCorr    .         Harm     .   (gloves unavailable)
MR       .....                  (boots unavailable)
Stlth    ++........             (no amulet)
HPRegen  0.08/turn              (no ring)
MPRegen  0.10/turn              (no ring)

@: lethally poisoned (-2 -> -5), very quick
A: very small, unfitting armour, see invisible, herbivore, speed 3, slow
metabolism 2
a: Depart the Abyss, Bend Space, Renounce Religion


You were on level 2 of the Dungeon.
You worshipped Lugonu.
Lugonu was pleased with you.
You were not hungry.

You visited 1 branch of the dungeon, and saw 2 of its levels.
You visited the Abyss 1 time.

You collected 94 gold pieces.

Inventory:

Hand Weapons
 a - a +1 short sword
 n - a +0 hunting sling (weapon)
Missiles
 m - 24 bolts
 o - 50 stones (quivered)
Armour
 b - a +0 robe
 i - a +0 robe (worn)
 p - a +0 ring mail
Scrolls
 e - 3 scrolls of magic mapping {unknown}
 f - a scroll of teleportation {unknown}
 g - a scroll of enchant weapon {unknown}
 h - a scroll of amnesia {unknown}
 k - a scroll of identify {unknown}
Potions
 d - a potion of agility
 j - a potion of curing {unknown}
 l - a potion of degeneration
 q - a potion of haste {unknown}
 r - a potion of magic
Comestibles
 c - 4 rations


   Skills:
 + Level 3.1 Fighting
 + Level 3.6 Short Blades
 + Level 0.1(0.5) Slings
 + Level 0.7(0.8) Throwing
 + Level 4.0 Dodging
 + Level 1.0 Stealth
 + Level 1.8 Invocations


You had 3 spell levels left.
You didn't know any spells.
Your spell library was empty.

Dungeon Overview and Level Annotations

Branches:
Dungeon (2/15)

Altars:
Zin


Innate Abilities, Weirdness & Mutations

You are very small and have problems with some larger weapons.
You are too small for most types of armour.
You have supernaturally acute eyesight. (SInv)
You are a herbivore.
You cover ground extremely quickly.
You need to consume almost no food.


Message History

You clumsily bash the adder but do no damage.
The adder is almost dead.
The adder closely misses you. The adder bites you.
You are poisoned.
The adder poisons you!
You closely miss the adder.
The adder is almost dead.
You feel sick. The adder bites you.
* * * LOW HITPOINT WARNING * * *
The adder bites you.
* * * LOW HITPOINT WARNING * * *
Okay, then.
Okay, then.
It was a potion of magic.
Magic courses through your body. The adder closely misses you.
It was a potion of degeneration.
There was something very wrong with that liquid.
You feel weakened.
You feel dopey.
You feel clumsy. The adder bites you.
You die...

..####### #..>.........#.........
........###........###.#.........
##......##..........# #.........
#.)....##..........# #.........
#......##..........# #.........
#.........######...# #.#.......
#.....##########.### #.####..##
#................# ### ##.#
######...(...(S@.# #####.#
#.......>.).# #...#.#
#...).......# #??#...#.#
#...........### #..#._.'.#
#...........'.# #..#...###
######......### #...# #......#
##### ########


You could see an adder.

Vanquished Creatures
  A hound skeleton (D:2)
  2 oozes (D:1)
  2 dart slugs
  A leopard gecko (D:2)
  5 bats
  3 giant cockroaches
  10 goblins
  4 hobgoblins
  11 kobolds
  2 quokkas (D:2)
  A ball python (D:2)
  5 frilled lizards
  6 rats
53 creatures vanquished.

Notes
Turn   | Place    | Note
-------+----------+-------------------------------------------
     0 | Abyss:1  | Looknius the Spriggan Abyssal Knight began the quest for
                  | the Orb.
     0 | Abyss:1  | Reached XP level 1. HP: 11/11 MP: 3/3
    83 | Abyss:2  | Noticed a raiju
   102 | Abyss:2  | Noticed a neqoxec
   102 | Abyss:2  | Noticed a neqoxec
   105 | D:1      | Escaped the Abyss
   346 | D:1      | Reached XP level 2. HP: 8/16 MP: 4/4
   415 | D:1      | Reached * piety under Lugonu
   742 | D:1      | Reached XP level 3. HP: 14/20 MP: 5/5
   908 | D:2      | Reached skill level 4 in Dodging
  1040 | D:2      | Reached skill level 1 in Stealth
  1054 | D:2      | Reached ** piety under Lugonu
  1093 | D:2      | Reached XP level 4. HP: 8/24 MP: 6/6
  1276 | D:2      | Found a glowing silver altar of Zin.
  1602 | D:2      | Slain by an adder

Levels and vault maps discovered:
D:1:      minmay_arrival_hallway, layout_loops_ring
D:2:      layout_basic, zin_scriptorium, minmay_tetromino_t2

Skill      XL: |  1  2  3 |
---------------+----------+-----
Fighting       | 3 |  3.1
Short Blades   | 3 |  3.6
Dodging        | 4 |  4.0
Stealth        | 1 |  1.0
Slings         | |  0.1
Throwing       | |  0.7
Invocations    | |  1.8

Action                   |  1- 3 |  4- 6 || total
-------------------------+-------+-------++-------
Melee: Short sword       |   142 |    20 ||   162
       Hunting sling     |       |     4 ||     4
 Fire: Hunting sling     |     5 |     9 ||    14
Throw: Stone             |    16 |    57 ||    73
Invok: Depart the Abyss  |     1 |       ||     1
       Bend Space        |     1 |       ||     1
  Use: Potion            |     3 |     2 ||     5
 Stab: Sleeping          |     3 |       ||     3
       Distracted        |     1 |       ||     1
Armor: Robe              |    11 |     1 ||    12
Dodge: Dodged            |   156 |    26 ||   182
